 Dungeon Crawl Stone Soup version 0.19.0-11-g3fc08b3 (webtiles) character file.

46469 MTVSty1e the Fighter (level 14, -4/120 HPs)
             Began as a Formicid Fighter on Nov 8, 2016.
             Was a High Priest of the Shining One.
             Splashed with acid (13 damage)
             ... on level 5 of the Lair of Beasts.
             The game lasted 01:09:00 (16958 turns).

MTVSty1e the Fighter (Formicid Fighter)            Turns: 16958, Time: 01:09:00

Health: -4/120     AC: 28    Str: 33    XL:     14   Next: 76%
Magic:  17/22      EV:  9    Int:  8    God:    the Shining One [*****.]
Gold:   1178       SH: 18    Dex: 10    Spells: 0 memorised, 13 levels left

rFire  . . .     SeeInvis +     q - +4 scimitar (flame)
rCold  + . .     Gourm    .     U - +2 crystal plate armour
rNeg   + + .     Faith    .     c - +0 shield
rPois  .         Spirit   .     (helmet unavailable)
rElec  .         Reflect  +     K - +2 cloak {MR+}
rCorr  .         Harm     .     b - +0 pair of gloves
MR     +++..                    F - +0 pair of boots
Stlth  ..........               w - +5 amulet of reflection
                                R - ring of ice
                                d - ring of protection from magic

@: mighty, corroded, glowing
A: permanent stasis, dig shafts and tunnels, four strong arms, antennae 3,
talons 1, icy blue scales 1, molten scales 1, fire resistance 1, regeneration 1,
strong 1, sturdy frame 1
a: Dig, Shaft Self, Divine Shield, Cleansing Flame, Summon Divine Warrior,
Renounce Religion


You were on level 5 of the Lair of Beasts.
You worshipped the Shining One.
The Shining One was extremely pleased with you.
You were not hungry.

You visited 3 branches of the dungeon, and saw 19 of its levels.
You also visited: Ossuary.

You collected 1178 gold pieces.

Inventory:

Hand Weapons
 q - a +4 scimitar of flaming (weapon)
 Q - a +1 battleaxe of freezing
 S - the +3 broad axe of the Snake Pit {holy, rPois MP+9 Stlth+}
   (You found it on level 13 of the Dungeon)

   It has been blessed by the Shining One to cause great damage to the undead
   and demons.
   It protects you from poison.
   It affects your magic capacity (+9).
   It makes you more stealthy.
Armour
 b - a +0 pair of gloves (worn)
 c - a +0 shield (worn)
 F - a +0 pair of boots (worn)
 H - the +8 chain mail "Rer Reat" {rC+ Int+5 Dex-3}
   (You found it on level 6 of the Dungeon)

   It affects your intelligence (+5).
   It affects your dexterity (-3).
   It protects you from cold.
 K - a +2 cloak of magic resistance (worn)
 U - a +2 crystal plate armour (worn)
Jewellery
 d - a ring of protection from magic (left hand)
 p - a +5 amulet of reflection
 w - a +5 amulet of reflection (around neck)
 M - an uncursed ring of magical power
 R - a ring of ice (right hand)
Wands
 v - a wand of confusion (22/48)
 A - a wand of enslavement (9/24)
 G - a wand of enslavement (7/24)
 N - a wand of iceblast (11/15)
 T - a wand of flame (22/48)
Scrolls
 e - 2 scrolls of noise
 i - 11 scrolls of remove curse
 k - 6 scrolls of magic mapping
 n - 6 scrolls of enchant weapon
 o - 3 scrolls of amnesia
 u - 4 scrolls of fear
 C - 2 scrolls of enchant armour
 E - 2 scrolls of recharging
 W - 3 scrolls of identify
Potions
 g - 2 potions of magic
 j - 5 potions of agility
 l - 7 potions of flight
 m - 8 potions of lignification
 r - a potion of cancellation
 x - 6 potions of curing
 D - a potion of brilliance
Miscellaneous
 O - a lamp of fire
Comestibles
 a - a royal jelly
 f - 14 bread rations
 h - 10 slices of pizza
 I - 2 meat rations
 P - 3 fruits


   Skills:
 * Level 14.1 Fighting
 - Level 6.0 Long Blades
 + Level 9.3 Axes
 + Level 10.2 Armour
 + Level 6.1 Dodging
 + Level 11.1 Shields
 + Level 11.8 Invocations
 - Level 6.0 Evocations


You had 13 spell levels left.
You didn't know any spells.

Dungeon Overview and Level Annotations

Branches:
Dungeon (13/15)            Temple (1/1) D:4            Lair (5/6) D:11
 Shoals (0/4) Lair:3       Spider (0/4) Lair:4        Slime (0/5) Lair:5
    Orc (0/2) D:11         Vaults (0/5) D:13

Altars:
Ashenzari
Cheibriados
Dithmenos
Elyvilon
Fedhas
Gozag
Hepliaklqana
Kikubaaqudgha
Makhleb
Nemelex Xobeh
Okawaru
Qazlal
Ru
Sif Muna
Trog
Uskayaw
Vehumet
Xom
Yredelemnul
Zin
The Shining One

Shops:
D:7 =   D:10 *   D:13 :


Innate Abilities, Weirdness & Mutations

You are under a permanent stasis effect.
You can dig through walls and to a lower floor.
Your four strong arms can wield two-handed weapons with a shield.
You have a pair of large antennae on your head. (SInv)
You have sharp toenails.
You are partially covered in icy blue scales. (AC +2)
You are partially covered in molten scales. (AC +2)
Your flesh is heat resistant. (rF+)
Your natural rate of healing is unusually fast.
Your muscles are strong. (Str +2)
Your movements are slightly less encumbered by armour. (ER -2)


Message History

The six-headed hydra writhes in agony!
The six-headed hydra is lightly wounded.
The golden flame engulfs the ooze.
The ooze writhes in agony!
You kill the ooze!
The golden flame engulfs the jelly.
The jelly writhes in agony!
The jelly is moderately wounded.
You are splashed with acid!
The walls burn you!
* * * LOW HITPOINT WARNING * * *
You hear a roar!
You hear an angry hiss.
The wall burns the blink frog!
The blink frog hits you but does no damage.
The six-headed hydra bites you but does no damage.
The six-headed hydra barely misses you.
You block the six-headed hydra's attack.
The six-headed hydra completely misses you.
You block the six-headed hydra's attack.
The six-headed hydra bites you.
* * * LOW HITPOINT WARNING * * *
You feel better.
You are splashed with acid!
The walls burn you!
You die...

.............##..........
.......^...####.....#...
..#.#...............#.##.
...........##P........#..
##.#PP#.#..# ###.....###.
#####.##.## #P{....###.
#..P.#..#.###.....###P.
###....D....##.....##...
#P.....@F....#..........
.......#J#...............
#........................
............†........P...
#...#.......#.......P....
.......>............#...
...#.......#........P...
................##PP...
.. #.....


You could see a six-headed hydra, a blink frog and a jelly.

Vanquished Creatures
  8 vault guards (D:13)
  4 hydras
  A centaur warrior (D:13)
  6 death yaks (Lair:5)
  3 skeletal warriors (D:13)
  A flayed ghost (D:13)
  5 hill giants
  An ugly thing (D:13)
  A deep elf mage (D:13)
  An oklob plant (Lair:2)
  A cyclops (D:13)
  A manticore (D:11)
  2 black mambas
  A centaur zombie (D:12)
  3 spiny frogs
  4 komodo dragons
  2 efreet (D:13)
  2 rime drakes
  A troll (shapeshifter) (D:13)
  2 two-headed ogres (D:10)
  6 trolls
  2 polar bears
  A jumping spider (Lair:4)
  A snapping turtle (Lair:3)
  Prince Ribbit (D:7)
  3 blink frogs (Lair:3)
  3 hippogriffs
  4 wyverns
  2 water elementals
  2 redbacks (Lair:4)
  8 wraiths
  24 yaks
  4 hogs (D:7)
  A human (D:7)
  A fire bat (D:13)
  A basilisk (D:13)
  8 water moccasins
  7 porcupines
  3 sky beasts
  A hornet zombie (D:10)
  12 orc warriors
  2 black bears
  2 necrophages
  5 ice beasts
  4 phantoms
  12 wolves
  5 ogres
  11 centaurs
  9 crocodiles
  4 big kobolds
  13 bullfrogs
  2 gnoll sergeants
  A water moccasin zombie (Ossuary)
  5 scorpions
  15 killer bees
  4 wights (D:11)
  4 electric eels
  A howler monkey (D:6)
  3 bullfrog zombies
  4 crimson imps
  8 hounds
  3 centaur skeletons
  5 jellies
  A quasit (D:11)
  A bullfrog skeleton (D:5)
  15 orc wizards
  3 iguanas
  7 orc priests
  11 worker ants
  A big kobold zombie (Ossuary)
  A hound skeleton (D:5)
  2 mummies (Ossuary)
  2 worker ant zombies
  13 gnolls
  A howler monkey zombie (D:8)
  13 adders
  4 shadow imps
  5 oozes
  9 adder zombies
  3 worms
  A dart slug (D:2)
  7 leopard geckos
  70 orcs
  3 giant cockroaches
  6 goblins
  9 hobgoblins
  13 jackals
  4 quokkas
  17 bats
  10 frilled lizards
  3 hobgoblin zombies (Ossuary)
  31 kobolds
  3 kobold zombies (Ossuary)
  3 orc zombies (Ossuary)
  7 rats
  3 fungi
  4 plants
553 creatures vanquished.

Vanquished Creatures (others)
  A manticore (D:13)
  3 blink frogs (Lair:5)
  2 orcs
  2 kobolds
  A bush (Lair:5)
  A fungus (Lair:2)
10 creatures vanquished.

Grand Total: 563 creatures vanquished

Notes
Turn   | Place    | Note
-------+----------+-------------------------------------------
     0 | D:1      | MTVSty1e the Formicid Fighter began the quest for the Orb.
     0 | D:1      | Reached XP level 1. HP: 18/18 MP: 1/1
   175 | D:1      | Reached XP level 2. HP: 21/24 MP: 2/2
   886 | D:2      | Reached XP level 3. HP: 30/30 MP: 3/3
   966 | D:2      | Reached skill level 4 in Fighting
  1005 | D:2      | Reached XP level 4. HP: 35/37 MP: 4/4
  1354 | D:2      | Found a faded altar of an unknown god.
  1487 | D:2      | Found a sparkling altar of Nemelex Xobeh.
  1487 | D:2      | Found an ancient bone altar of Kikubaaqudgha.
  1702 | D:3      | Reached XP level 5. HP: 40/43 MP: 5/5
  2115 | D:3      | Reached skill level 5 in Fighting
  2222 | D:4      | Found an opulent altar of Gozag.
  2222 | D:4      | Noticed an ogre
  2229 | D:4      | Killed an ogre
  2229 | D:4      | Reached XP level 6. HP: 34/51 MP: 6/6
  2529 | D:4      | Found a sand-covered staircase.
  2674 | Ossuary  | Entered an ossuary
  2987 | Ossuary  | Reached skill level 5 in Shields
  3125 | Ossuary  | Reached XP level 7. HP: 56/57 MP: 7/7
  3299 | D:4      | Found a white marble altar of Elyvilon.
  3420 | D:4      | Found a staircase to the Ecumenical Temple.
  3544 | Temple   | Entered the Ecumenical Temple
  3597 | Temple   | Became a worshipper of the Shining One
  3630 | D:5      | Entered Level 5 of the Dungeon
  3655 | D:5      | Reached skill level 6 in Fighting
  3789 | D:5      | Reached skill level 5 in Armour
  3917 | D:5      | Reached XP level 8. HP: 62/65 MP: 8/8
  4213 | D:6      | Reached skill level 7 in Fighting
  4213 | D:6      | Reached skill level 1 in Invocations
  4287 | D:6      | Reached skill level 1 in Dodging
  4433 | D:6      | Reached * piety under the Shining One
  4965 | D:6      | Got a jewelled chain mail
  4970 | D:6      | Identified the +8 chain mail "Rer Reat" {rC+ Int+5 Dex-3} (You found it on level 6 of the Dungeon)
  4986 | D:7      | Found a sparkling altar of Nemelex Xobeh.
  5093 | D:7      | Found a bloodstained altar of Trog.
  5299 | D:7      | Found a blossoming altar of Fedhas.
  5430 | D:7      | Gained mutation: You are partially covered in molten scales. (AC +2) [potion of mutation]
  5430 | D:7      | Gained mutation: You are partially covered in icy blue scales. (AC +2) [potion of mutation]
  5430 | D:7      | Gained mutation: You have sharp toenails. [potion of mutation]
  5431 | D:7      | Gained mutation: Your flesh is cold resistant. (rC+) [potion of mutation]
  5431 | D:7      | Lost mutation: Your flesh is cold resistant. (rC+) [potion of mutation]
  5431 | D:7      | Gained mutation: Your flesh is heat resistant. (rF+) [potion of mutation]
  5511 | D:7      | Found Iqurim's Jewellery Boutique.
  5514 | D:7      | Found a stormy altar of Qazlal.
  5806 | D:7      | Reached XP level 9. HP: 68/73 MP: 11/11
  5914 | D:7      | Noticed Prince Ribbit
  5976 | D:7      | Found a shimmering altar of Xom.
  5977 | D:7      | Found a burning altar of Makhleb.
  5981 | D:7      | Reached skill level 8 in Fighting
  6040 | D:7      | Reached skill level 5 in Axes
  6044 | D:7      | Killed Prince Ribbit
  6044 | D:7      | Reached skill level 5 in Invocations
  6518 | D:7      | Gained mutation: Your muscles are strong. (Str +2) [potion of beneficial mutation]
  6519 | D:7      | Gained mutation: You are resistant to hostile enchantments. (MR+) [potion of beneficial mutation]
  6571 | D:8      | Found an opulent altar of Gozag.
  6629 | D:8      | Found a stormy altar of Qazlal.
  6645 | D:8      | Reached XP level 10. HP: 82/82 MP: 14/14
  6699 | D:8      | Reached skill level 9 in Fighting
  6824 | D:8      | Reached ** piety under the Shining One
  7860 | D:9      | Reached skill level 10 in Fighting
  7985 | D:10     | Entered Level 10 of the Dungeon
  8015 | D:10     | Found Silarad's General Store.
  8042 | D:10     | Reached XP level 11. HP: 76/90 MP: 16/16
  8237 | D:10     | Got a faintly glowing trident
  8288 | D:10     | Reached *** piety under the Shining One
  8523 | D:10     | Noticed a hill giant
  8530 | D:10     | Killed a hill giant
  8721 | D:10     | Noticed a hill giant
  8731 | D:10     | Killed a hill giant
  8856 | D:10     | Noticed a hill giant
  8860 | D:10     | Killed a hill giant
  9168 | D:10     | Reached skill level 11 in Fighting
  9235 | D:11     | Found a staircase to the Orcish Mines.
  9542 | D:11     | Reached **** piety under the Shining One
  9631 | D:11     | Noticed a hill giant
  9639 | D:11     | Killed a hill giant
  9890 | D:11     | Found a staircase to the Lair.
  9916 | Lair:1   | Entered Level 1 of the Lair of Beasts
 10165 | Lair:1   | Reached XP level 12. HP: 71/100 MP: 17/19
 10611 | D:11     | Reached skill level 5 in Dodging
 11252 | D:12     | Reached skill level 10 in Invocations
 11642 | D:12     | Reached skill level 1 in Evocations
 12101 | D:13     | Reached skill level 12 in Fighting
 12250 | D:13     | Found a runed door.
 12470 | D:13     | Reached skill level 1 in Long Blades
 12539 | D:13     | Found Atejoep's Book Emporium.
 12581 | D:13     | Noticed a vault guard
 12581 | D:13     | Noticed a vault guard
 12581 | D:13     | Noticed a vault guard
 12582 | D:13     | Noticed a vault guard
 12582 | D:13     | Noticed a vault guard
 12582 | D:13     | Found a gate to the Vaults.
 12582 | D:13     | Noticed a vault guard
 12583 | D:13     | Noticed a vault guard
 12631 | D:13     | Killed a vault guard
 12631 | D:13     | Reached XP level 13. HP: 106/108 MP: 20/20
 12638 | D:13     | Killed a vault guard
 12644 | D:13     | Killed a vault guard
 12653 | D:13     | Killed a vault guard
 12653 | D:13     | Reached skill level 10 in Shields
 12667 | D:13     | Killed a vault guard
 12673 | D:13     | Killed a vault guard
 12692 | D:13     | Killed a vault guard
 12703 | D:13     | Identified a scroll of acquirement
 13006 | D:13     | Reached ***** piety under the Shining One
 13074 | D:13     | Noticed a vault guard
 13076 | D:13     | Noticed a centaur warrior
 13082 | D:13     | Killed a centaur warrior
 13088 | D:13     | Killed a vault guard
 13225 | D:13     | Reached skill level 13 in Fighting
 13250 | D:13     | Gained mutation: Your natural rate of healing is unusually fast. [mutagenic meat]
 13251 | D:13     | Lost mutation: You are resistant to hostile enchantments. (MR+) [mutagenic meat]
 13252 | D:13     | Gained mutation: You expend magic power (3 MP) to strengthen your wands. [mutagenic meat]
 13253 | D:13     | Gained mutation: Your movements are slightly less encumbered by armour. (ER -2) [mutagenic meat]
 13254 | D:13     | Lost mutation: You expend magic power (3 MP) to strengthen your wands. [mutagenic meat]
 13285 | D:13     | Found a stormy altar of Qazlal.
 13327 | D:13     | Found a glowing golden altar of the Shining One.
 13343 | D:13     | Found an iron altar of Okawaru.
 13346 | D:13     | Found a shimmering altar of Xom.
 13404 | D:13     | Found a shadowy altar of Dithmenos.
 13421 | D:13     | Found an opulent altar of Gozag.
 13577 | D:13     | Got a bloodstained flail
 13579 | D:13     | Got a dazzling broad axe
 13587 | D:13     | Identified the +3 broad axe of the Snake Pit {holy, rPois MP+9 Stlth+} (You found it on level 13 of the Dungeon)
 13601 | D:13     | Identified the +4 flail "Keogytza" {pain, rElec Int+7} (You found it on level 13 of the Dungeon)
 14306 | Lair:1   | Noticed an eight-headed hydra
 14311 | Lair:1   | Killed a four-headed hydra
 14376 | Lair:2   | Reached skill level 5 in Long Blades
 14552 | Lair:2   | Reached XP level 14. HP: 109/118 MP: 22/22
 14620 | Lair:2   | Reached skill level 5 in Evocations
 15571 | Lair:3   | Found a staircase to the Shoals.
 15772 | Lair:4   | Found a hole to the Spider Nest.
 15784 | Lair:4   | Reached skill level 10 in Armour
 16650 | Lair:5   | Reached skill level 14 in Fighting
 16947 | Lair:5   | Found a staircase to the Slime Pits.
 16957 | Lair:5   | HP: 5/120 [acid (14)]
 16957 | Lair:5   | HP: 1/120 [six-headed hydra (4)]
 16958 | Lair:5   | Splashed with acid

Skill      XL: |  1  2  3  4  5  6  7  8  9 10 11 12 13 14 |
---------------+-------------------------------------------+-----
Fighting       | 4 5 6 7 8 10 11 12 13 14 | 14.1
Shields        | 4 5 6 7 9 10 11 | 11.1
Armour         | 4 5 6 7 8 9 10 | 10.2
Axes           | 3 4 5 6 7 8 9 |  9.3
Invocations    | 3 5 7 9 10 11 | 11.8
Dodging        | 2 4 5 6 |  6.1
Evocations     | 3 4 6 |  6.0
Long Blades    | 1 5 6 |  6.0

Action                   |  1- 3 |  4- 6 |  7- 9 | 10-12 | 13-15 || total
-------------------------+-------+-------+-------+-------+-------++-------
Melee: War axe           |   109 |   202 |   247 |    80 |       ||   638
       Kick              |       |       |    27 |    39 |       ||    66
       Battleaxe         |       |       |       |   533 |   352 ||   885
       Scimitar          |       |       |       |     6 |    31 ||    37
       Broad axe         |       |       |       |       |   102 ||   102
Invok: Cleansing Flame   |       |       |       |     1 |     2 ||     3
 Abil: Dig               |       |       |       |     1 |       ||     1
Evoke: Wand              |       |       |       |       |     5 ||     5
       Lamp of fire      |       |       |       |       |     1 ||     1
  Use: Potion            |       |     1 |     6 |     2 |     4 ||    13
       Scroll            |       |     7 |    13 |     6 |    10 ||    36
  Eat: Bread ration      |     1 |       |       |     1 |       ||     2
       Meat ration       |       |     1 |     1 |     2 |     3 ||     7
       Royal jelly       |       |       |     1 |       |       ||     1
       Beef jerky        |       |       |     1 |     4 |     3 ||     8
       Pizza             |       |       |     1 |       |       ||     1
       Chunk             |       |       |       |       |     6 ||     6
Armor: Scale mail        |    54 |    69 |    24 |       |       ||   147
       Plate armour      |       |       |    77 |   304 |   102 ||   483
       Crystal plate arm |       |       |       |       |   140 ||   140
Dodge: Dodged            |    37 |    60 |    51 |   222 |   124 ||   494
Block: Shield            |    70 |   111 |   196 |   679 |   451 ||  1507
       Reflection        |       |       |     3 |    28 |    18 ||    49
       Rpst.: Scimitar   |       |       |       |     1 |       ||     1
